 Dungeon Crawl Stone Soup version 0.29.1-12-g30fa7ad0bf (webtiles) character file.

Game seed: 8361094849074795180

336 Gabide the Trooper (level 6, -6/51 HPs)
             Began as a Mummy Berserker on Dec 20, 2022.
             Was a Believer of Trog.
             Mangled by an iguana (8 damage)
             ... on level 4 of the Dungeon.
             The game lasted 00:03:59 (3881 turns).

Gabide the Trooper (Mummy Berserker)                Turns: 3881, Time: 00:04:00

Health: -6/51      AC:  8    Str: 22    XL:     6   Next: 28%
Magic:  6/6        EV:  8    Int:  6    God:    Trog [**....]
Gold:   141        SH:  0    Dex: 12    Spells: 5/5 levels left

rFire   x . .      SeeInvis .   e - +2 dagger (venom)
rCold   + . .      Faith    .   (no shield)
rNeg    + + +      Spirit   .   l - +0 chain mail
rPois   ∞          Reflect  .   (no helmet)
rElec   .          Harm     .   (no cloak)
rCorr   .          Rampage  .   (no gloves)
Will    +++..                   (no boots)
Stlth   ..........              (no amulet)
HPRegen 1.17/turn               a - ring of willpower
MPRegen 0.10/turn               (no ring)

@: strong-willed, regenerating
A: cold resistance 1, negative energy resistance 3, torment resistance 2, heat
vulnerability 1, in touch with death 1, no potions
a: Renounce Religion, Trog's Hand


You were on level 4 of the Dungeon.
You worshipped Trog.
Trog was pleased with you.
You visited 1 branch of the dungeon, and saw 4 of its levels.

You collected 141 gold pieces.

Inventory:

Hand Weapons
 e - a +2 dagger of venom (weapon)
Missiles
 k - 4 poisoned darts (quivered)
Armour
 l - a +0 chain mail (worn)
Jewellery
 a - a ring of willpower (left hand)
Scrolls
 b - a scroll of acquirement {unknown}
 c - 2 scrolls of teleportation {unknown}
 d - a scroll of fear {unknown}
 f - 3 scrolls of identify {unknown}
 g - a scroll of summoning {unknown}
 h - 2 scrolls of blinking {unknown}
 i - 2 scrolls of amnesia {unknown}
 j - a scroll of immolation {unknown}


   Skills:
 * Level 5.0 Fighting
 - Level 1.5 Armour
 + Level 2.7 Dodging
 * Level 4.2 Unarmed Combat


You had 5 spell levels left.
You didn't know any spells.
Your spell library was empty.

Dungeon Overview and Level Annotations

Branches:
Dungeon (4/15)             Temple (0/1) D:4

Altars:

Shops:
D:2 (   D:4 !

Annotations:
D:4 1 runed translucent door, ChadusMaximus's ghost, novice MiFi


Innate Abilities, Weirdness & Mutations

You are immune to poison.
Your flesh is cold resistant. (rC+)
You are immune to negative energy. (rN+++)
You are immune to unholy pain and torment.
You are vulnerable to heat. (rF-)
You are in touch with the powers of death.
You do not drink.


Message History

The iguana bites you!
You hit the iguana.
The iguana looks even sicker.
The iguana is lightly wounded.
The iguana barely misses you.
You barely miss the iguana.
The iguana is lightly wounded.
The iguana bites you!
You are too injured to fight recklessly!
You are too injured to fight recklessly!
You are too injured to fight recklessly!
You are too injured to fight recklessly!
You are too injured to fight recklessly!
You are too injured to fight recklessly!
You are too injured to fight recklessly!
You are too injured to fight recklessly!
You are too injured to fight recklessly!
You are too injured to fight recklessly!
You are too injured to fight recklessly!
You are too injured to fight recklessly!
You are too injured to fight recklessly!
You are too injured to fight recklessly!
You are too injured to fight recklessly!
You are too injured to fight recklessly!
You are too injured to fight recklessly!
You are too injured to fight recklessly!
You are too injured to fight recklessly!
You barely miss the iguana.
The iguana is lightly wounded.
The iguana bites you!
* * * LOW HITPOINT WARNING * * *
You closely miss the iguana.
The iguana is moderately wounded.
The iguana bites you!
* * * LOW HITPOINT WARNING * * *
Your skin crawls.
You feel strong-willed. The iguana bites you.
* * * LOW HITPOINT WARNING * * *
The iguana attacks as you move away! The iguana bites you!
You die...

#........######
#....#
.#..#####.#
#.#<.. ....
#..# #..#..
##..####.##
##.###
#.........#
#....
#....#...#####
######.. #..
#.......#
##....)..
##...###.).##.#
#......>.
#.......@...#
..#.###...
...#...l.#...#
#.....÷.
#..>..###.#
#.....#><.
#.....# .#
##....#...
........ ##
####.....
#...###...
##.... ##..
...## #.####
#.. ..## #.#...
#. ## #.#.>.


You could see an iguana (poisoned).

Vanquished Creatures
  An ice beast (D:3)
  A necrophage (D:4)
  Jessica (D:3)
  An iguana (D:4)
  3 adders
  A worm (D:2)
  3 dart slugs
  9 orcs
  6 bats
  9 endoplasms
  A giant cockroach (D:3)
  7 goblins
  5 hobgoblins
  15 jackals
  7 kobolds
  2 quokkas
  5 ball pythons
  2 frilled lizards (D:3)
  3 rats
82 creatures vanquished.

Notes
Turn   | Place    | Note
-------+----------+-------------------------------------------
     0 | D:1      | Gabide the Mummy Berserker began the quest for the Orb.
     0 | D:1      | Reached XP level 1. HP: 18/18 MP: 1/1
   147 | D:1      | Reached XP level 2. HP: 14/24 MP: 2/2
   340 | D:1      | Found a faded altar of an unknown god.
   882 | D:1      | Gained mutation: You are in touch with the powers of death.
                  | [Mummy growth]
   882 | D:1      | Reached XP level 3. HP: 29/29 MP: 3/3
  1175 | D:2      | Found Hoiw's Antique Weapon Shop.
  1207 | D:2      | Reached ** piety under Trog
  1552 | D:2      | Reached XP level 4. HP: 34/37 MP: 4/4
  2088 | D:3      | Reached skill level 4 in Fighting
  2557 | D:3      | Noticed Jessica
  2562 | D:3      | Killed Jessica
  2775 | D:3      | Noticed an ice beast
  2784 | D:3      | Killed an ice beast
  2785 | D:3      | Reached XP level 5. HP: 43/43 MP: 5/5
  3437 | D:4      | Found Zaideil's Distillery.
  3438 | D:4      | Reached XP level 6. HP: 12/50 MP: 6/6
  3753 | D:4      | Reached skill level 5 in Fighting
  3839 | D:4      | Found a runed translucent door.
  3839 | D:4      | Noticed ChadusMaximus's ghost (novice MiFi)
  3857 | D:4      | Found a staircase to the Ecumenical Temple.
  3863 | D:4      | Reached *** piety under Trog
  3880 | D:4      | HP: 2/51 [iguana (4)]
  3881 | D:4      | Mangled by an iguana

Illustrated notes

Levels and vault maps discovered:
D:1:      nicolae_arrival_memento_mori, layout_basic,
          hellmonk_ecumenical_altar_prayer_group, kennysheep_crisscross
D:2:      layout_loops_ring, serial_shops, nicolae_shop_behind_doors,
          kennysheep_generic_room_2
D:3:      layout_loops_corners, st_stairs_9, grunt_decor_cap, uniq_jessica
D:4:      layout_rooms, minmay_temple_entry_tees, gammafunk_ghost_grave,
          serial_shops, nicolae_take_the_stairs

Skill      XL: |  1  2  3  4  5  6 |
---------------+-------------------+-----
Unarmed Combat | 3 4 |  4.2
Dodging        | 2 |  2.7
Fighting       | 4 5 |  5.0
Armour         | |  1.5

Action                   |  1- 3 |  4- 6 || total
-------------------------+-------+-------++-------
Melee: Unarmed           |    29 |       ||    29
       Dagger            |    98 |   150 ||   248
       Punch             |     1 |     1 ||     2
Throw: Dart              |       |     4 ||     4
Invok: Trog's Hand       |       |     1 ||     1
 Stab: Sleeping          |     1 |       ||     1
Armor: Animal skin       |    10 |       ||    10
       Leather armour    |    21 |    19 ||    40
       Chain mail        |       |    21 ||    21
Dodge: Dodged            |    80 |    80 ||   160
